 Dungeon Crawl Stone Soup version 0.24-a0-475-g5b41c6f (webtiles) character file.

Game seed: 17429720182411572109

427 Spazmo the Magician (level 6, 0/32 HPs)
             Began as a Deep Elf Fire Elementalist on July 5, 2019.
             Slain by a centaur (7 damage)
             ... on level 5 of the Dungeon.
             The game lasted 00:08:10 (3869 turns).

Spazmo the Magician (Deep Elf Fire Elementalist)    Turns: 3869, Time: 00:08:11

Health: 0/32       AC:  3    Str:  5    XL:     6   Next: 65%
Magic:  13/17      EV: 13    Int: 22    God:
Gold:   349        SH:  0    Dex: 15    Spells: 7/17 levels left

rFire    . . .     SeeInvis .   f - +0 short sword
rCold    . . .     Gourm    .   (no shield)
rNeg     . . .     Faith    .   a - +1 robe
rPois    .         Spirit   .   (no helmet)
rElec    .         Reflect  .   (no cloak)
rCorr    +         Harm     .   (no gloves)
MR       .....                  (no boots)
Stlth    ++........             i - amulet of regeneration
HPRegen  0.50/turn              m - ring of resist corrosion
MPRegen  0.15/turn              j - ring of wizardry

@: no status effects
A: no striking features
a: no special abilities


You were on level 5 of the Dungeon.
You were not hungry.

You visited 1 branch of the dungeon, and saw 5 of its levels.

You collected 349 gold pieces.

Inventory:

Hand Weapons
 f - a +0 short sword (weapon)
Missiles
 b - 156 stones (quivered)
Armour
 a - a +1 robe (worn)
Jewellery
 i - an amulet of regeneration (around neck)
 j - a ring of wizardry (right hand)
 m - a ring of resist corrosion (left hand)
Wands
 h - a wand of iceblast (8)
Scrolls
 g - a scroll of enchant armour
 l - a scroll of amnesia
 n - a scroll of fog
 o - a scroll of teleportation
 r - a scroll of remove curse
Potions
 d - a potion of resistance {unknown}
 e - a potion of flight {unknown}
 k - a potion of agility
 p - a potion of haste {unknown}
 q - 3 potions of curing
 s - a potion of berserk rage {unknown}
 u - a potion of ambrosia {unknown}
Comestibles
 c - 6 rations


   Skills:
 - Level 2.4 Dodging
 - Level 2.4 Stealth
 + Level 6.0 Spellcasting
 + Level 4.3 Conjurations
 + Level 5.4 Fire Magic


You had 7 spell levels left.
You knew the following spells:

 Your Spells              Type           Power        Failure   Level  Hunger
a - Flame Tongue          Conj/Fire      ####.        1%          1    None
b - Throw Flame           Conj/Fire      ####..       1%          2    None
c - Conjure Flame         Conj/Fire      ####....     1%          3    #......
d - Sticky Flame          Conj/Fire      ####....     4%          4    ###....

Your spell library contained the following spells:

 Spells                   Type           Power        Failure   Level  Hunger
 Inner Flame              Hex/Fire       ###.....     3%          3    #......
 Fireball                 Conj/Fire      ####......   13%         5    #####..


Dungeon Overview and Level Annotations

Branches:
Dungeon (5/15)
 Temple: D:4-7

Altars:
Gozag
Ru
Trog
Wu Jian


Message History

A centaur comes into view.
The centaur wields a +0 shortbow.
The centaur shoots an arrow.
The arrow barely misses you.
You see here an arrow.
Casting: Flame Tongue (safe; 1% risk of failure)
Confirm with . or Enter, or press ? or * to list all spells.
Aiming: Flame Tongue (safe; 1% risk of failure)
Press: ? - help, Shift-Dir - straight line, f - quokka
Aim: a quokka The flame tongue hits the quokka!
You kill the quokka!
The centaur shoots an arrow.
The arrow hits you!
Ouch! That really hurt!
The centaur shoots an arrow.
The arrow hits you.
You see here 2 arrows.
The centaur shoots an arrow.
The arrow hits you!
* * * LOW HITPOINT WARNING * * *
You barely miss the centaur.
The centaur unwields a +0 shortbow.
The centaur hits you!
You die...

#..# .... #..#
....####..##
.......#...#
.......#...##
.......#....
.......#..#
.......#(.#######.#
......c@(.........#
..........###.#####
#+#####.(.#
#.....#### #...#
###......# #...#
#.####... #....
#....### #....#
#..#...## ......
##.#....## ..$.....
#.##....#


You could see a centaur.

Vanquished Creatures
  A phantom (D:5)
  A centaur (D:5)
  A centaur skeleton (D:4)
  A worker ant (D:4)
  3 gnolls (D:3)
  8 adders
  An ooze (D:1)
  An adder skeleton (D:4)
  2 worms
  5 dart slugs
  A leopard gecko (D:2)
  4 orcs
  18 goblins
  8 hobgoblins
  4 jackals (D:2)
  2 quokkas
  A ball python (D:3)
  5 bats
  3 frilled lizards
  15 kobolds
  6 rats
91 creatures vanquished.

Notes
Turn   | Place    | Note
-------+----------+-------------------------------------------
     0 | D:1      | Spazmo the Deep Elf Fire Elementalist began the quest for
                  | the Orb.
     0 | D:1      | Reached XP level 1. HP: 10/10 MP: 6/6
    46 | D:1      | Reached XP level 2. HP: 15/15 MP: 1/8
    50 | D:1      | Learned a level 2 spell: Throw Flame
   679 | D:1      | Reached XP level 3. HP: 19/19 MP: 8/10
   687 | D:1      | Learned a level 3 spell: Conjure Flame
  1101 | D:2      | Found an opulent altar of Gozag.
  1339 | D:2      | Reached skill level 4 in Spellcasting
  1615 | D:2      | Reached XP level 4. HP: 24/24 MP: 4/12
  1621 | D:2      | Learned a level 4 spell: Sticky Flame
  2474 | D:3      | Reached XP level 5. HP: 21/28 MP: 11/14
  2815 | D:3      | Reached skill level 5 in Spellcasting
  3233 | D:4      | Found a bloodstained altar of Trog.
  3233 | D:4      | Found a sacrificial altar of Ru.
  3238 | D:4      | Found an ornate altar of the Wu Jian Council.
  3725 | D:5      | Entered Level 5 of the Dungeon
  3749 | D:5      | Noticed a phantom
  3757 | D:5      | Reached skill level 5 in Fire Magic
  3764 | D:5      | Noticed a centaur
  3768 | D:5      | Killed a centaur
  3768 | D:5      | Reached XP level 6. HP: 4/32 MP: 0/16
  3826 | D:5      | Reached skill level 6 in Spellcasting
  3869 | D:5      | Slain by a centaur

Levels and vault maps discovered:
D:1:      sevenhm_arrival_forest_fort_large_4, layout_basic
D:2:      cheibrodos_greedy_goblins, layout_basic,
          nicolae_gozag_cash_rules_everything_around_me, first_ration,
          kennysheep_generic_room_5
D:3:      layout_loops_ring
D:4:      layout_basic, grunt_temple_overflow_open, nrook_mini_vaults
D:5:      minmay_evil_eye, layout_basic, led_sif_pool,
          minmay_temple_entry_butterflies, chequers_serial_rivers_micro_a,
          grunt_dithmenos_shadows

Skill      XL: |  1  2  3  4  5  6 |
---------------+-------------------+-----
Conjurations   | 2 3 4 |  4.3
Spellcasting   | 4 5 6 |  6.0
Fire Magic     | 4 5 |  5.4
Dodging        | |  2.4
Stealth        | |  2.4

Action                   |  1- 3 |  4- 6 || total
-------------------------+-------+-------++-------
Melee: Short sword       |     4 |     4 ||     8
Throw: Stone             |     1 |       ||     1
 Cast: Flame Tongue      |    77 |    96 ||   173
       Throw Flame       |     1 |     7 ||     8
       Sticky Flame      |       |     1 ||     1
  Use: Scroll            |     3 |     3 ||     6
       Potion            |     1 |     1 ||     2
  Eat: Ration            |     1 |     1 ||     2
       Chunk             |       |     3 ||     3
Armor: Robe              |     4 |     5 ||     9
Dodge: Dodged            |    29 |    19 ||    48

Table legend:
 A = Non-vault XP
 B = Vault XP
 C = Vault XP percentage of total XP
 D = Non-vault monster count
 E = Vault monster count
 F = Vault count percentage of total count
                 A         B        C        D         E       F
            +---------+---------+-------+---------+---------+-------
      Total |     347 |     264 |  43.2 |      75 |      16 |  17.6
            +---------+---------+-------+---------+---------+-------
        D:1 |      43 |       0 |   0.0 |      20 |       0 |   0.0
        D:2 |      60 |      28 |  31.8 |      21 |      14 |  40.0
        D:3 |     137 |       0 |   0.0 |      27 |       0 |   0.0
        D:4 |      92 |       0 |   0.0 |       5 |       0 |   0.0
        D:5 |      15 |     236 |  94.0 |       2 |       2 |  50.0
            +---------+---------+-------+---------+---------+-------
